 Dungeon Crawl Stone Soup version 0.22-a0-407-gb098539 (webtiles) character file.

1436 galech the Cleaver (level 8, -8/64 HPs)
             Began as a Gnoll Wanderer on May 9, 2018.
             Blown up by an orc warrior (16 damage)
             ... with a wand of disintegration (12)
             ... on level 6 of the Dungeon.
             The game lasted 00:08:16 (5935 turns).

galech the Cleaver (Gnoll Wanderer)                 Turns: 5935, Time: 00:08:17

Health: -8/64      AC: 16    Str: 14    XL:     8   Next: 73%
Magic:  13/13      EV:  1    Int: 16    God:
Gold:   315        SH: 13    Dex: 16    Spells: 13/13 levels left

rFire    . . .     SeeInvis +   a - +2 hand axe
rCold    . . .     Gourm    .   v - +0 large shield
rNeg     . . .     Faith    .   p - +0 plate armour (curse)
rPois    .         Spirit   .   x - +2 helmet
rElec    .         Reflect  .   n - +0 cloak
rCorr    .         Harm     .   (no gloves)
MR       .....                  (no boots)
Stlth    ..........             l - amulet of regeneration
HPRegen  0.60/turn              D - ring of loudness (curse)
MPRegen  0.13/turn              F - ring of see invisible

@: no status effects
A: distributed training, fangs 1, strong nose
a: no special abilities


You were on level 6 of the Dungeon.
You were very hungry.

You visited 1 branch of the dungeon, and saw 6 of its levels.

You collected 315 gold pieces.

Inventory:

Hand Weapons
 a - a +2 hand axe (weapon)
 b - a +0 hand crossbow
 k - a +0 hunting sling
 w - a +5 club
 L - a +0 dire flail of crushing
Missiles
 c - 54 bolts
 j - 147 stones (quivered)
Armour
 h - a +0 chain mail
 n - a +0 cloak (worn)
 p - a cursed +0 plate armour (worn)
 v - a +0 large shield (worn)
 x - a +2 helmet (worn)
Jewellery
 l - an amulet of regeneration (around neck)
 D - a cursed ring of loudness (left hand)
 F - a ring of see invisible (right hand)
Wands
 r - a wand of disintegration (9)
 E - a wand of random effects (28)
Scrolls
 e - 5 scrolls of teleportation {unknown}
 g - 3 scrolls of fog {unknown}
 i - a scroll of blinking
 t - a scroll of enchant armour
 y - a scroll of remove curse
 C - a scroll of immolation
 G - a scroll of identify
 I - a scroll of noise {unknown}
 K - a scroll of holy word {unknown}
Potions
 d - 2 potions of curing
 m - a potion of heal wounds {unknown}
 o - 2 potions of brilliance {unknown}
 q - a potion of mutation {unknown}
 s - a potion of ambrosia {unknown}
 u - 2 potions of degeneration {unknown}
 z - a potion of lignification {unknown}
 A - a potion of invisibility {unknown}
 B - a potion of cancellation {unknown}
 H - a potion of magic {unknown}
 J - a potion of agility {unknown}
Comestibles
 f - 10 rations


   Skills:
 + Level 5.8 Fighting
 + Level 3.4 Short Blades
 + Level 3.4 Long Blades
 + Level 9.2 Axes
 + Level 3.4 Maces & Flails
 + Level 3.4 Polearms
 + Level 3.4 Staves
 + Level 3.4 Slings
 + Level 4.4 Bows
 + Level 3.4 Crossbows
 + Level 4.4 Throwing
 + Level 4.4 Armour
 + Level 3.4 Dodging
 + Level 4.2 Stealth
 + Level 3.4 Shields
 + Level 3.4 Unarmed Combat
 + Level 3.4 Spellcasting
 + Level 2.8 Conjurations
 + Level 2.8 Hexes
 + Level 2.8 Charms
 + Level 2.8 Summonings
 + Level 2.8 Necromancy
 + Level 2.8 Translocations
 + Level 2.8 Transmutations
 + Level 2.8 Fire Magic
 + Level 2.8 Ice Magic
 + Level 2.8 Air Magic
 + Level 2.8 Earth Magic
 + Level 2.8 Poison Magic
 + Level 3.8 Invocations
 + Level 3.4 Evocations


You had 13 spell levels left.
You didn't know any spells.

Dungeon Overview and Level Annotations

Branches:
Dungeon (6/15)
 Temple: D:4-7

Altars:
Ashenzari
Dithmenos
Fedhas
Gozag
Makhleb
Trog
Uskayaw
Yredelemnul
Zin


Innate Abilities, Weirdness & Mutations

Your experience applies equally to all skills.
You have very sharp teeth.
Your uncanny sense of smell can sniff out nearby items.


Message History

The orc priest mumbles some strange prayers to Beogh against you.
Beogh smites you!
The orc warrior zaps a wand.
You are blasted!
* * * LOW HITPOINT WARNING * * *
You are too injured to fight recklessly!
You are too injured to fight recklessly!
You are too injured to fight recklessly!
You are too injured to fight recklessly!
You are too injured to fight recklessly!
You are too injured to fight recklessly!
You are too injured to fight recklessly!
You are too injured to fight recklessly!
You are too injured to fight recklessly!
You are too injured to fight recklessly!
You are too injured to fight recklessly!
You are too injured to fight recklessly!
You are too injured to fight recklessly!
The orc warrior zaps a wand.
You are blasted!
* * * LOW HITPOINT WARNING * * *
The orc warrior zaps a wand.
You are blasted!
You die...

#.#.#.....[........
#...........######
......####..#
............#
#.#.#######.# #.#.#
#.# #.#.# #.# #.#.#
#.####### ..#.#
#.....@.# ##...#
#######.# (..#.#
#.# ##...# #o# ##
#.# #o########
#:h..o.ho#
########o# ..


You could see an orc warrior, a hound and an orc.

Vanquished Creatures
  The ghost of galech the Shooter, an amateur GnWn (D:4)
  Grinder (D:5)
  Sigmund (D:2)
  Edmund (D:6)
  2 ice beasts
  2 scorpions (D:5)
  The ghost of galech the Changer, a weakling GnWn (D:3)
  3 crimson imps (D:5)
  A centaur skeleton (D:4)
  An orc wizard (D:4)
  Jessica (D:3)
  Ijyb (D:3)
  An iguana (D:5)
  3 worker ants
  3 adders
  3 gnolls (D:2)
  An ooze (D:4)
  An adder skeleton (D:4)
  A worm (D:3)
  3 leopard geckos
  14 orcs
  3 giant cockroaches
  6 goblins
  9 hobgoblins
  2 jackals (D:3)
  10 kobolds
  2 quokkas
  7 bats
  4 frilled lizards
  8 rats
  A spectral orc (D:2)
98 creatures vanquished.

Notes
Turn   | Place    | Note
-------+----------+-------------------------------------------
     0 | D:1      | galech the Gnoll Wanderer began the quest for the Orb.
     0 | D:1      | galech set off with: a +2 hand axe, a +0 hand crossbow, 23 bolts, a potion of curing, a +0 robe, a ration
     0 | D:1      | Reached XP level 1. HP: 20/20 MP: 1/1
   373 | D:1      | Reached XP level 2. HP: 26/26 MP: 2/2
  1292 | D:2      | Found a burning altar of Makhleb.
  1306 | D:2      | Reached XP level 3. HP: 28/31 MP: 3/3
  1405 | D:2      | Found a shadowy altar of Dithmenos.
  1510 | D:2      | Found a bloodstained altar of Trog.
  1658 | D:2      | Reached skill level 1 in Invocations
  1693 | D:2      | Found a basalt altar of Yredelemnul.
  1741 | D:2      | Noticed Sigmund
  1757 | D:2      | Killed Sigmund
  1757 | D:2      | Reached skill level 1 in Short Blades
  1757 | D:2      | Reached skill level 1 in Long Blades
  1757 | D:2      | Reached skill level 1 in Maces & Flails
  1757 | D:2      | Reached skill level 1 in Polearms
  1757 | D:2      | Reached skill level 1 in Staves
  1757 | D:2      | Reached skill level 1 in Slings
  1757 | D:2      | Reached skill level 1 in Crossbows
  1757 | D:2      | Reached skill level 1 in Dodging
  1757 | D:2      | Reached skill level 1 in Shields
  1757 | D:2      | Reached skill level 1 in Unarmed Combat
  1757 | D:2      | Reached skill level 1 in Spellcasting
  1757 | D:2      | Reached skill level 1 in Conjurations
  1757 | D:2      | Reached skill level 1 in Hexes
  1757 | D:2      | Reached skill level 1 in Charms
  1757 | D:2      | Reached skill level 1 in Summonings
  1757 | D:2      | Reached skill level 1 in Necromancy
  1757 | D:2      | Reached skill level 1 in Translocations
  1757 | D:2      | Reached skill level 1 in Transmutations
  1757 | D:2      | Reached skill level 1 in Fire Magic
  1757 | D:2      | Reached skill level 1 in Ice Magic
  1757 | D:2      | Reached skill level 1 in Air Magic
  1757 | D:2      | Reached skill level 1 in Earth Magic
  1757 | D:2      | Reached skill level 1 in Poison Magic
  1757 | D:2      | Reached skill level 1 in Evocations
  1757 | D:2      | Reached XP level 4. HP: 20/38 MP: 4/6
  1757 | D:2      | Reached XP level 5. HP: 23/43 MP: 4/7
  2216 | D:3      | Reached XP level 6. HP: 32/50 MP: 8/8
  2373 | D:3      | Noticed galech's ghost (weakling GnWn)
  2386 | D:3      | Killed galech's ghost
  2816 | D:3      | Noticed Jessica
  2826 | D:3      | Killed Jessica
  3013 | D:3      | Reached skill level 5 in Fighting
  3052 | D:3      | Noticed Ijyb
  3327 | D:3      | Killed Ijyb
  3516 | D:4      | Noticed galech's ghost (amateur GnWn)
  3845 | D:4      | Killed galech's ghost
  3845 | D:4      | Reached XP level 7. HP: 23/56 MP: 10/10
  4077 | D:4      | Found a blossoming altar of Fedhas.
  4381 | D:4      | Found a hide-covered altar of Uskayaw.
  4461 | D:4      | Found a glowing silver altar of Zin.
  4462 | D:4      | Found an opulent altar of Gozag.
  4542 | D:5      | Entered Level 5 of the Dungeon
  4550 | D:5      | Found a shattered altar of Ashenzari.
  4607 | D:5      | Noticed Grinder
  4633 | D:5      | Killed Grinder
  4633 | D:5      | Reached skill level 9 in Axes
  4633 | D:5      | Reached XP level 8. HP: 8/63 MP: 10/12
  5863 | D:6      | Noticed Edmund
  5882 | D:6      | Killed Edmund
  5927 | D:6      | HP: 3/64 [disintegration (16)]
  5935 | D:6      | Blown up by an orc warrior

Vault maps used:
D:1:      matt_arrival_spirals
D:2:      overflow_temple_1_default, old_standard_altar,
          yredelemnul_forgotten_temple_becter,
          grunt_dithmenos_smoke_and_mirrors, first_ration, uniq_sigmund
D:3:      cheibrodos_helix_gallery, uniq_jessica, uniq_ijyb
D:4:      grunt_temple_overflow_gold_and_silver, lemuel_round_altar,
          marbit_many_paths
D:5:      nicolae_ashenzari_panopticon, uniq_grinder
D:6:      uniq_edmund

Skill      XL: |  1  2  3  4  5  6  7  8 |
---------------+-------------------------+-----
Invocations    | 1 2 3 |  3.8
Short Blades   | 1 2 3 |  3.4
Long Blades    | 1 2 3 |  3.4
Maces & Flails | 1 2 3 |  3.4
Polearms       | 1 2 3 |  3.4
Staves         | 1 2 3 |  3.4
Slings         | 1 2 3 |  3.4
Bows           | 3 4 |  4.4
Crossbows      | 1 2 3 |  3.4
Throwing       | 3 4 |  4.4
Armour         | 3 4 |  4.4
Dodging        | 1 2 3 |  3.4
Shields        | 1 2 3 |  3.4
Unarmed Combat | 1 2 3 |  3.4
Spellcasting   | 1 2 3 |  3.4
Conjurations   | 1 2 |  2.8
Hexes          | 1 2 |  2.8
Charms         | 1 2 |  2.8
Summonings     | 1 2 |  2.8
Necromancy     | 1 2 |  2.8
Translocations | 1 2 |  2.8
Transmutations | 1 2 |  2.8
Fire Magic     | 1 2 |  2.8
Ice Magic      | 1 2 |  2.8
Air Magic      | 1 2 |  2.8
Earth Magic    | 1 2 |  2.8
Poison Magic   | 1 2 |  2.8
Evocations     | 1 2 3 |  3.4
Stealth        | 3 4 |  4.2
Fighting       | 5 |  5.8
Axes           | 9 |  9.2

Action                   |  1- 3 |  4- 6 |  7- 9 || total
-------------------------+-------+-------+-------++-------
Melee: Hand axe          |   100 |   190 |   289 ||   579
       Bite              |     4 |    27 |    40 ||    71
       Club              |       |    26 |       ||    26
  Use: Scroll            |       |       |     4 ||     4
  Eat: Chunk             |     2 |     6 |     4 ||    12
       Ration            |       |       |     1 ||     1
Armor: Chain mail        |    42 |       |       ||    42
       Robe              |     1 |       |       ||     1
       Plate armour      |    18 |   113 |   126 ||   257
Dodge: Dodged            |    29 |    25 |     3 ||    57
Block: Large shield      |       |    76 |   142 ||   218

Table legend:
 A = Spawn XP
 B = Non-spawn XP
 C = Spawn XP percentage of total XP
 D = Spawn monster count
 E = Non-spawn monster count
 F = Spawn count percentage of total count
 G = Total turns spent on level
                    A         B        C        D         E        F      G
               +---------+---------+-------+---------+---------+-------+---------
         Total |       0 |    2052 |   0.0 |       0 |      98 |   0.0 |  5935
               +---------+---------+-------+---------+---------+-------+---------
           D:1 |       0 |      26 |   0.0 |       0 |      18 |   0.0 |  1292
           D:2 |       0 |     283 |   0.0 |       0 |      16 |   0.0 |  1085
           D:3 |       0 |     176 |   0.0 |       0 |      27 |   0.0 |  1483
           D:4 |       0 |     431 |   0.0 |       0 |      14 |   0.0 |   682
           D:5 |       0 |     843 |   0.0 |       0 |      21 |   0.0 |  1259
           D:6 |       0 |     293 |   0.0 |       0 |       2 |   0.0 |   134
               +---------+---------+-------+---------+---------+-------+---------
